 Dungeon Crawl Stone Soup version 0.27-a0-1046-g98bf31544f (webtiles) character file.

Game seed: 17567435936976369778

234 ArcanElement the Slasher (level 6, -3/47 HPs)
             Began as a Human Fighter on Apr 19, 2021.
             Slain by a scorpion (8 damage)
             ... on level 4 of the Dungeon.
             The game lasted 00:04:46 (3907 turns).

ArcanElement the Slasher (Human Fighter)            Turns: 3907, Time: 00:04:47

Health: -3/47      AC:  5    Str: 18    XL:     6   Next: 26%
Magic:  15/15      EV:  8    Int:  8    God:
Gold:   57         SH:  9    Dex: 13    Spells: 5/5 levels left

rFire    . . .     SeeInvis .   a - +0 long sword
rCold    . . .     Faith    .   c - +0 kite shield
rNeg     . . .     Spirit   .   l - +0 ring mail
rPois    .         Reflect  .   (no helmet)
rElec    .         Harm     .   (no cloak)
rCorr    .         Rampage  .   (no gloves)
Will     .....                  (no boots)
Stlth    +.........             j - amulet of the acrobat
HPRegen  0.15/turn              g - ring of flight
MPRegen  0.14/turn              n - ring of magical power

@: lethally poisoned (-3 -> -18), flying
A: no striking features
a: no special abilities


You were on level 4 of the Dungeon.
You visited 1 branch of the dungeon, and saw 4 of its levels.

You collected 57 gold pieces.

Inventory:

Hand Weapons
 a - a +0 long sword (weapon)
Armour
 b - a +0 scale mail
 c - a +0 kite shield (worn)
 l - a +0 ring mail (worn)
Jewellery
 g - a ring of flight (left hand)
 j - an amulet of the acrobat (around neck)
 n - a ring of magical power (right hand)
Wands
 m - a wand of flame (9) (quivered)
Scrolls
 e - a scroll of noise
 f - a scroll of blinking
 i - a scroll of fog
Potions
 d - a potion of might
 h - a potion of magic


   Skills:
 - Level 3.0 Fighting
 * Level 5.5 Long Blades
 + Level 3.4 Armour
 + Level 3.4 Shields


You had 5 spell levels left.
You didn't know any spells.
Your spell library contained the following spells:

 Spells                   Type           Power      Damage    Failure   Level
 Animate Skeleton         Necr           0%         N/A       98%         1
 Apportation              Tloc           0%         N/A       98%         1
 Corona                   Hex            0%         N/A       98%         1
 Summon Small Mammal      Summ           0%         N/A       98%         1


Dungeon Overview and Level Annotations

Branches:
Dungeon (4/15)
 Temple: D:4-7

Altars:
Cheibriados
Gozag
Hepliaklqana
Kikubaaqudgha
Makhleb
Nemelex Xobeh
Sif Muna
Vehumet
Yredelemnul


Message History

You block the scorpion's attack. The scorpion barely misses you.
You closely miss the scorpion.
The scorpion stings you but does no damage.
You barely miss the scorpion. The scorpion stings you.
You are poisoned.
The scorpion poisons you! The scorpion completely misses you.
Your shield prevents you from hitting the scorpion.
You feel very sick.
The scorpion stings you but does no damage.
You block the scorpion's attack.
You hit the scorpion but do no damage.
You feel sick.
The scorpion stings you but does no damage.
You hit the scorpion.
The scorpion is moderately wounded.
You feel sick.
The scorpion stings you but does no damage.
You block the scorpion's attack.
You slash the scorpion!
The scorpion is severely wounded.
You feel sick.
The scorpion stings you but does no damage.
You block the scorpion's attack.
You hit the scorpion but do no damage.
The scorpion is severely wounded.
You feel sick. The scorpion stings you.
You hit the scorpion.
The scorpion is almost dead.
You feel sick. The scorpion stings you.
You are more poisoned.
The scorpion poisons you! The scorpion stings you!
* * * LOW HITPOINT WARNING * * *
You are lethally poisoned!
The scorpion poisons you!
Okay, then.
You closely miss the scorpion.
The scorpion is severely wounded.
* * * LOW HITPOINT WARNING * * *
You feel very sick. The scorpion barely misses you. The scorpion stings you!
You die...

## ####.
. #... ..
#.. ...
#.# ...
#@# ..
#s#.#.#
#J....#
##.......
.######
.# .# .#
.#


You could see a scorpion and an endoplasm.

Vanquished Creatures
  A scorpion (D:2)
  3 orc wizards (D:3)
  5 adders
  A dart slug (D:1)
  4 orcs (D:3)
  5 endoplasms
  A giant cockroach (D:3)
  7 goblins
  10 hobgoblins
  2 jackals (D:2)
  A kobold (D:2)
  3 quokkas
  5 ball pythons (D:1)
  2 bats (D:2)
  A frilled lizard (D:3)
  7 rats
58 creatures vanquished.

Notes
Turn   | Place    | Note
-------+----------+-------------------------------------------
     0 | D:1      | ArcanElement the Human Fighter began the quest for the Orb.
     0 | D:1      | Reached XP level 1. HP: 18/18 MP: 1/1
   377 | D:1      | Reached XP level 2. HP: 24/24 MP: 2/2
   590 | D:1      | Reached skill level 3 in Long Blades
  1033 | D:1      | Reached XP level 3. HP: 29/29 MP: 3/3
  1288 | D:2      | Noticed a scorpion
  1300 | D:2      | Killed a scorpion
  1301 | D:2      | Reached skill level 4 in Long Blades
  1301 | D:2      | Reached XP level 4. HP: 22/35 MP: 4/4
  1766 | D:2      | Reached XP level 5. HP: 25/41 MP: 5/5
  2022 | D:2      | Found an ancient bone altar of Kikubaaqudgha.
  2444 | D:3      | Found a hazy altar of Hepliaklqana.
  2444 | D:3      | Found a burning altar of Makhleb.
  2445 | D:3      | Found a snail-covered altar of Cheibriados.
  2445 | D:3      | Found an opulent altar of Gozag.
  2445 | D:3      | Found a radiant altar of Vehumet.
  2445 | D:3      | Found a basalt altar of Yredelemnul.
  2446 | D:3      | Found a sparkling altar of Nemelex Xobeh.
  2449 | D:3      | Reached skill level 5 in Long Blades
  3451 | D:3      | Found a shimmering blue altar of Sif Muna.
  3604 | D:3      | Reached XP level 6. HP: 47/47 MP: 6/6
  3616 | D:3      | Identified Sif Muna's Catalogue of the Voyage
  3784 | D:3      | Found a faded altar of an unknown god.
  3891 | D:4      | Noticed an ogre
  3907 | D:4      | Slain by a scorpion

Illustrated notes

Levels and vault maps discovered:
D:1:      dpeg_arrival_fog, layout_loops_cross, ebering_dispersal_statue_hall
D:2:      layout_basic, basic_altar
D:3:      layout_loops_ring, led_sif_book, grunt_temple_overflow_open,
          basic_ecumenical_altar
D:4:      layout_loops_cross, serial_shops, nicolae_shop_trees,
          portal_sewer_entry_b, st_stairs_8, hangedman_feature_mirror,
          minmay_misc_feat_alley, kennysheep_generic_room_11

Skill      XL: |  1  2  3  4  5 |
---------------+----------------+-----
Long Blades    | 3 4 5 |  5.5
Fighting       | |  3.0
Armour         | |  3.4
Shields        | |  3.4

Action                   |  1- 3 |  4- 6 || total
-------------------------+-------+-------++-------
Melee: Long sword        |    69 |   128 ||   197
Evoke: Wand              |       |    10 ||    10
  Use: Scroll            |     1 |     4 ||     5
       Potion            |     1 |     1 ||     2
Armor: Scale mail        |    32 |    53 ||    85
       Skin              |       |     5 ||     5
       Ring mail         |       |     5 ||     5
Dodge: Dodged            |    22 |    32 ||    54
Block: Kite shield       |    38 |    61 ||    99
       Rpst.: Long sword |    10 |    17 ||    27

Table legend: (Time is in decaauts)
 A = Elapsed time spent in this place.
 B = Non-inter-level travel time spent in this place.
 C = Inter-level travel time spent in this place.
 D = Time resting spent in this place.
 E = Time spent auto-exploring this place.
 F = Levels seen in this place.
 G = Mean time per level.
                   A        B        C        D        E       F      G
               +--------+--------+--------+--------+--------+-----+--------+
         Total |   3989 |   3853 |    136 |    742 |   2587 |   4 |  997.2 |
       Dungeon |   3989 |   3853 |    136 |    742 |   2587 |   4 |  997.2 |
               +--------+--------+--------+--------+--------+-----+--------+

Top non-repeatable levels by time:
     D:3: 1499 daAuts
     D:2: 1242 daAuts
     D:1: 1228 daAuts
     D:4: 18 daAuts
